 Dungeon Crawl Stone Soup version 0.20.0-8-g6b59dc7 (webtiles) character file.

57038 Gargoyl the Cleaver (level 14, -15/124 HPs)
             Began as a Green Draconian Abyssal Knight on June 1, 2017.
             Was a High Priest of Lugonu.
             Demolished by a dire elephant (30 damage)
             ... on level 6 of the Lair of Beasts.
             The game lasted 00:58:53 (27128 turns).

Gargoyl the Cleaver (DrAK)                         Turns: 27128, Time: 00:58:53

Health: -15/124    AC: 12    Str: 22    XL:     14   Next: 44%
Magic:  12/23      EV: 18    Int: 17    God:    Lugonu [*****.]
Gold:   1728       SH: 10    Dex: 14    Spells: 13/13 levels left

rFire    . . .     SeeInvis +   E - +7 war axe of Income {freeze, Int+4 SInv}
rCold    . . .     Gourm    .   X - +0 shield
rNeg     . . .     Faith    .   (armour unavailable)
rPois    +         Spirit   .   U - +2 hat
rElec    .         Reflect  .   y - +0 cloak
rCorr    .         Harm     .   (no gloves)
MR       +....     Rnd*Tele +   W - +0 pair of boots
Stlth    +.........             R - amulet of rage
Regen    0.3/turn               c - +4 ring of strength
MPRegen  0.2/turn               I - +2 ring of strength

@: no status effects
A: breathe noxious fumes, unfitting armour, hooves 1, stinger 1, poison
resistance, screaming 1, teleportitis 1, cold-blooded, AC +8
a: Breathe Noxious Fumes, Depart the Abyss, Bend Space, Banish, Corrupt, Enter
the Abyss, Renounce Religion, Evoke Berserk Rage


You were on level 6 of the Lair of Beasts.
You worshipped Lugonu.
Lugonu was extremely pleased with you.
You were hungry.

You visited 2 branches of the dungeon, and saw 17 of its levels.
You visited the Abyss 1 time.
You also visited: Sewer.

You collected 1728 gold pieces.

Inventory:

Hand Weapons
 a - a +4 hand axe
 q - a +4 war axe of electrocution
 t - a +1 spear of venom
 x - a +2 war axe of flaming
 E - the +7 war axe of Income (weapon) {freeze, Int+4 SInv}
   (You found it on level 8 of the Dungeon)

   It has been specially enchanted to freeze those struck by it, causing extra
   injury to most foes and up to half again as much damage against particularly
   susceptible opponents.
   It can also slow down cold-blooded creatures.
   It affects your intelligence (+4).
   It lets you see invisible.
 V - the +8 falchion "Bessyw Pujis" {elec, *Rage +Rage rElec rF+}
   (You found it on level 4 of the Lair of Beasts)

   Occasionally, upon striking a foe, it will discharge some electrical energy
   and cause terrible harm.
   It protects you from fire.
   It insulates you from electricity.
   It lets you go berserk.
   It may make you go berserk in combat.
Missiles
 P - 2 steel tomahawks (quivered)
Armour
 y - a +0 cloak (worn)
 U - a +2 hat (worn)
 W - a +0 pair of boots (worn)
 X - a +0 shield (worn)
Jewellery
 c - a +4 ring of strength (left hand)
 r - an uncursed amulet of magic regeneration {unknown}
 I - a +2 ring of strength (right hand)
 R - an amulet of rage (around neck)
Wands
 n - a wand of disintegration (2/24)
Scrolls
 f - 4 scrolls of magic mapping
 i - 2 scrolls of fear
 j - 4 scrolls of blinking
 k - 3 scrolls of recharging
 l - a scroll of fog
 s - 6 scrolls of identify
 B - 2 scrolls of remove curse
 G - 5 scrolls of teleportation
Potions
 e - a potion of haste
 g - 4 potions of flight
 h - 5 potions of brilliance
 o - 4 potions of curing
 z - 3 potions of berserk rage
 C - 3 potions of agility
 F - a potion of lignification
 Q - a potion of resistance
 Y - 2 potions of ambrosia
Comestibles
 b - a bread ration
 d - 4 royal jellies
 m - 11 meat rations
 K - 9 fruits


   Skills:
 + Level 11.2 Fighting
 + Level 14.9 Axes
 + Level 1.0 Throwing
 * Level 12.0 Dodging
 + Level 5.4 Shields
 * Level 12.6 Invocations
 + Level 1.0 Evocations


You had 13 spell levels left.
You didn't know any spells.

Dungeon Overview and Level Annotations

Branches:
Dungeon (11/15)            Temple (0/1) D:4            Lair (6/6) D:11
 Shoals (0/4) Lair:3        Snake (0/4) Lair:2        Slime (0/5) Lair:6
    Orc (0/2) D:9

Altars:
Dithmenos


Innate Abilities, Weirdness & Mutations

You can breathe blasts of noxious fumes.
Your lurid green scales are hard. (AC +8)
You cannot fit into any form of body armour.
Your tail ends in a poisonous barb.
Your system is resistant to poisons. (rPois)
You are cold-blooded and may be slowed by cold attacks.
You have large cloven feet.
You occasionally shout uncontrollably at your foes.
You are occasionally teleported next to monsters.


Message History

The ice encasing you melts away. The rime drake misses you.
The dire elephant tramples you!!
* * * LOW HITPOINT WARNING * * *
You stumble backwards!
You feel better. The rime drake misses you.
You block the dire elephant's attack. x2; The rime drake closely misses you.
Press: ? - help, Shift-Dir - straight line, f - dire elephant
Aim: a dire elephant (severely wounded, chance to defeat MR: 26%)
The dire elephant easily resists.
You are feeling hungry.
You block the dire elephant's attack. The dire elephant trunk-slaps you.
* * * LOW HITPOINT WARNING * * *
The rime drake bites you.
* * * LOW HITPOINT WARNING * * *
Press: ? - help, Shift-Dir - straight line, f/p - dire elephant
Aim: a dire elephant (severely wounded, chance to defeat MR: 26%)
The dire elephant easily resists.
You feel somewhat more hungry.
You have got your breath back.
The dire elephant tramples you!!
You die...

#........# ##.##...#...##.#.
##.......## #...#.#.#..###...
##....#...# ##...#......###.#.
#......#.## ##...........##P.#.
##........###............##....
#.#....#.PP##......#...#####...
####.........##..#.#.#..## #...
#...#...###.##...#...#### ##...
.......####.##..@#...# #....
P#..P........#.kY#...# #....
.........P#..##..##### ##...
#....#.#..#.###......# #..P.
##...###....# #......# #....
.....###.PPP#####....... ##.†.
..............## ...#.#. ##....
...>...........# #......
###..... ....)..........##
#.P#.###.......


You could see a dire elephant and a rime drake.

Vanquished Creatures
  Gastronok (Lair:1)
  Kirke (Lair:6)
  Snorg (Lair:6)
  Josephine (D:10)
  3 hydras
  2 catoblepae
  2 two-headed ogres
  A centaur warrior (D:11)
  6 death yaks
  A lindwurm (Lair:6)
  Pikel (D:8)
  Maurice (D:8)
  5 elephants
  9 black mambas
  10 spiny frogs
  2 rime drakes
  6 komodo dragons
  2 trolls (D:11)
  2 hornets (Lair:6)
  22 blink frogs
  A snapping turtle (Lair:3)
  14 dream sheep
  5 hippogriffs
  4 wraiths (D:10)
  3 wyverns
  5 hogs (Lair:6)
  40 yaks
  2 basilisks
  A hungry ghost (D:10)
  3 nagas (Lair:2)
  15 porcupines
  27 water moccasins
  8 orc warriors
  3 slaves (D:8)
  4 sky beasts
  A black bear (D:10)
  A necrophage (D:8)
  6 ice beasts
  An ogre (D:8)
  3 phantoms
  16 wolves
  5 centaurs
  13 crocodiles
  2 big kobolds
  15 bullfrogs
  A scorpion (D:5)
  5 wights (D:7)
  5 howler monkeys
  An electric eel (Lair:3)
  5 crimson imps
  2 centaur zombies
  2 bullfrog zombies
  A quasit (D:11)
  2 hounds
  4 jellies (Lair:6)
  13 orc wizards
  Crazy Yiuf (D:7)
  9 orc priests
  3 bullfrog skeletons
  3 iguanas
  5 hell rats (Lair:1)
  12 worker ants
  A killer bee zombie (D:9)
  3 hound skeletons
  14 gnolls
  A howler monkey zombie (D:7)
  10 adders
  16 river rats (Lair:1)
  4 shadow imps
  15 oozes
  2 adder skeletons
  2 worms
  6 dart slugs
  12 leopard geckos
  50 orcs
  14 ball pythons (Sewer)
  15 giant cockroaches
  9 goblins
  6 hobgoblins
  22 jackals
  21 kobolds
  6 quokkas
  7 bats
  17 frilled lizards
  A quokka zombie (D:6)
  11 rats
  5 fungi
  7 plants
628 creatures vanquished.

Vanquished Creatures (others)
  A hydra (Lair:6)
  A two-headed ogre (D:9)
  A death yak (Lair:3)
  The ghost of Fv001 the Cleaver, a novice DsFi of Qazlal (Lair:1)
  A lindwurm (Lair:6)
  A cyclops (D:11)
  A gargoyle (D:10)
  2 yaks (Lair:1)
  3 basilisks
  An acid dragon (D:11)
  An ice beast (D:8)
  A bullfrog (Sewer)
  A hell rat (Lair:1)
  20 fungi
  17 plants
53 creatures vanquished.

Grand Total: 681 creatures vanquished

Notes
Turn   | Place    | Note
-------+----------+-------------------------------------------
     0 | Abyss:1  | Gargoyl the Draconian Abyssal Knight began the quest for the Orb.
     0 | Abyss:1  | Reached XP level 1. HP: 19/19 MP: 2/2
    74 | Abyss:2  | Noticed a wretched star
    74 | D:1      | Escaped the Abyss
   290 | D:1      | Reached * piety under Lugonu
   290 | D:1      | Reached XP level 2. HP: 22/26 MP: 3/3
   592 | D:1      | Reached XP level 3. HP: 20/31 MP: 4/4
  1211 | D:2      | Reached XP level 4. HP: 40/40 MP: 5/5
  1242 | D:2      | Reached ** piety under Lugonu
  2248 | D:4      | Reached skill level 3 in Axes
  2369 | D:4      | Reached XP level 5. HP: 13/46 MP: 7/7
  2936 | D:4      | Found a staircase to the Ecumenical Temple.
  3248 | D:4      | Reached XP level 6. HP: 11/52 MP: 8/8
  3581 | D:5      | Entered Level 5 of the Dungeon
  3587 | D:5      | Reached skill level 4 in Axes
  3671 | D:5      | Found a glowing drain.
  3676 | Sewer    | Entered a sewer
  3679 | Sewer    | Reached *** piety under Lugonu
  4029 | Sewer    | Reached **** piety under Lugonu
  4168 | Sewer    | Your scales start taking on a lurid green colour.
  4168 | Sewer    | Reached XP level 7. HP: 20/60 MP: 9/9
  4168 | Sewer    | Gained mutation: Your system is resistant to poisons. (rPois) [Green Draconian growth]
  4182 | Sewer    | Reached skill level 5 in Axes
  4781 | D:5      | Reached skill level 5 in Dodging
  4939 | D:5      | Gained mutation: Your magical capacity is low. (-10% MP) [mutagenic meat]
  4940 | D:5      | Gained mutation: Your body sometimes deteriorates upon taking damage. [mutagenic meat]
  4941 | D:5      | Gained mutation: You are clumsy. (Dex -2) [mutagenic meat]
  4942 | D:5      | Gained mutation: You are resistant to hostile enchantments. (MR+) [mutagenic meat]
  4943 | D:5      | Gained mutation: Your large and strong wings let you fly indefinitely. [mutagenic meat]
  5373 | D:6      | Reached XP level 8. HP: 55/67 MP: 10/10
  5467 | D:6      | Reached skill level 5 in Fighting
  5610 | D:6      | Reached skill level 6 in Axes
  5615 | D:6      | Gained mutation: You are occasionally teleported next to monsters. [mutagenic meat]
  5616 | D:6      | Gained mutation: Your tail ends in a poisonous barb. [mutagenic meat]
  5959 | D:6      | Found a shadowy altar of Dithmenos.
  6555 | D:7      | Reached skill level 5 in Invocations
  6676 | D:7      | Reached skill level 7 in Axes
  7372 | D:7      | Lost mutation: You are resistant to hostile enchantments. (MR+) [potion of mutation]
  7372 | D:7      | Lost mutation: Your body sometimes deteriorates upon taking damage. [potion of mutation]
  7372 | D:7      | Lost mutation: Your magical capacity is low. (-10% MP) [potion of mutation]
  7372 | D:7      | Lost mutation: Your large and strong wings let you fly indefinitely. [potion of mutation]
  7372 | D:7      | Lost mutation: Your tail ends in a poisonous barb. [potion of mutation]
  7372 | D:7      | Gained mutation: You occasionally shout uncontrollably at your foes. [potion of mutation]
  7372 | D:7      | Gained mutation: You are somewhat resistant to further mutation. [potion of mutation]
  7434 | D:7      | Reached XP level 9. HP: 14/74 MP: 13/13
  7777 | D:7      | Found a runed door.
  8311 | D:7      | Noticed Crazy Yiuf
  8316 | D:7      | Killed Crazy Yiuf
  8408 | D:8      | Reached skill level 8 in Axes
  8501 | D:8      | Noticed Pikel
  8510 | D:8      | Killed Pikel
  8528 | D:8      | Got a brightly glowing war axe
  8633 | D:8      | Identified the +7 war axe of Income {freeze, Int+4 SInv} (You found it on level 8 of the Dungeon)
  8672 | D:8      | Reached skill level 9 in Axes
  8730 | D:8      | Reached ***** piety under Lugonu
  8987 | D:8      | Noticed Maurice
  9179 | D:8      | Killed Maurice
  9179 | D:8      | Reached XP level 10. HP: 83/84 MP: 15/15
  9662 | D:9      | Found a staircase to the Orcish Mines.
  9922 | D:9      | Reached skill level 10 in Axes
  9984 | D:9      | Noticed a two-headed ogre
  9995 | D:9      | HP: 4/84 [two-headed ogre/giant club (10)]
  9998 | D:9      | Banished a two-headed ogre
 10619 | D:10     | Entered Level 10 of the Dungeon
 10886 | D:10     | Noticed Josephine
 10896 | D:10     | Killed Josephine
 10896 | D:10     | Reached skill level 11 in Axes
 10896 | D:10     | Reached skill level 1 in Shields
 10899 | D:10     | HP: 1/86 [wraith[Josephine] (4)]
 10964 | D:10     | Noticed a gargoyle
 10979 | D:10     | Banished a gargoyle
 11405 | D:10     | Reached XP level 11. HP: 92/92 MP: 16/16
 11675 | D:10     | Noticed a two-headed ogre
 11686 | D:10     | Killed a two-headed ogre
 12598 | D:11     | Found a staircase to the Lair.
 12760 | D:11     | Noticed a two-headed ogre
 12768 | D:11     | Killed a two-headed ogre
 12878 | D:11     | Reached skill level 12 in Axes
 13680 | D:11     | Noticed a centaur warrior
 13689 | D:11     | Killed a centaur warrior
 13996 | Lair:1   | Entered Level 1 of the Lair of Beasts
 14781 | Lair:1   | Reached XP level 12. HP: 103/103 MP: 18/18
 15003 | Lair:1   | Reached ****** piety under Lugonu
 15074 | Lair:1   | Noticed a five-headed hydra
 15088 | Lair:1   | Killed a one-headed hydra
 15368 | Lair:1   | HP: 5/104 [yak (3)]
 15663 | Lair:1   | Noticed Fv001's ghost (novice DsFi)
 15663 | Lair:1   | Banished Fv001's ghost
 16186 | Lair:1   | Reached skill level 13 in Axes
 16207 | Lair:1   | Reached skill level 10 in Dodging
 16708 | Lair:1   | Noticed Gastronok
 16730 | Lair:1   | Killed Gastronok
 16730 | Lair:1   | Reached skill level 10 in Invocations
 17132 | Lair:2   | Found a staircase to the Snake Pit.
 18850 | Lair:3   | Found a staircase to the Shoals.
 18958 | Lair:3   | Noticed a seven-headed hydra
 18971 | Lair:3   | Killed a one-headed hydra
 19242 | Lair:3   | Reached XP level 13. HP: 108/112 MP: 20/20
 19552 | Lair:3   | Reached skill level 1 in Evocations
 19902 | Lair:4   | Reached skill level 10 in Fighting
 20662 | Lair:4   | Lost mutation: You are clumsy. (Dex -2) [potion of mutation]
 20662 | Lair:4   | Lost mutation: You are somewhat resistant to further mutation. [potion of mutation]
 20662 | Lair:4   | Gained mutation: Your spells are a little harder to cast, but a little more powerful. [potion of mutation]
 20662 | Lair:4   | Lost mutation: Your spells are a little harder to cast, but a little more powerful. [potion of mutation]
 20662 | Lair:4   | Gained mutation: You have large cloven feet. [potion of mutation]
 20713 | Lair:4   | Reached skill level 14 in Axes
 21304 | Lair:4   | Got a fine falchion
 21305 | Lair:4   | Identified the +8 falchion "Bessyw Pujis" {elec, *Rage +Rage rElec rF+} (You found it on level 4 of the Lair of Beasts)
 24277 | Lair:6   | Entered Level 6 of the Lair of Beasts
 24705 | Lair:6   | Noticed Snorg
 24720 | Lair:6   | Killed Snorg
 24847 | Lair:6   | Noticed Kirke
 24939 | Lair:6   | Gained mutation: Your tail ends in a poisonous barb. [Green Draconian growth]
 24939 | Lair:6   | Reached XP level 14. HP: 67/122 MP: 13/22
 24955 | Lair:6   | Killed Kirke
 24955 | Lair:6   | Reached skill level 1 in Throwing
 25770 | Lair:6   | Reached skill level 5 in Shields
 26036 | Lair:6   | Found a staircase to the Slime Pits.
 27128 | Lair:6   | Demolished by a dire elephant

Skill      XL: |  1  2  3  4  5  6  7  8  9 10 11 12 13 14 |
---------------+-------------------------------------------+-----
Dodging        | 3 4 5 6 7 8 9 10 11 12 | 12.0
Axes           | 3 4 5 7 9 11 12 13 14 | 14.9
Invocations    | 3 4 5 6 7 9 10 11 12 | 12.6
Fighting       | 4 5 6 7 8 9 10 11 | 11.2
Shields        | 1 2 4 5 |  5.4
Evocations     | 1 |  1.0
Throwing       | 1 |  1.0

Action                   |  1- 3 |  4- 6 |  7- 9 | 10-12 | 13-15 || total
-------------------------+-------+-------+-------+-------+-------++-------
Melee: Hand axe          |   105 |   232 |    73 |       |       ||   410
       Tailslap          |    12 |    24 |    30 |    97 |    99 ||   262
       War axe           |       |       |   234 |   590 |   527 ||  1351
Throw: Tomahawk          |       |       |       |    14 |     4 ||    18
Invok: Depart the Abyss  |     1 |       |       |       |       ||     1
       Banish            |       |       |     1 |     8 |    19 ||    28
       Bend Space        |       |       |       |     1 |     2 ||     3
 Abil: Breathe Noxious F |       |       |    31 |    35 |    19 ||    85
       Fly               |       |       |     1 |       |       ||     1
       Evoke Berserk Rag |       |       |       |     1 |       ||     1
Evoke: Wand              |       |       |       |     2 |     1 ||     3
  Use: Scroll            |     6 |     5 |     9 |     9 |     5 ||    34
       Potion            |       |     6 |     7 |     2 |    10 ||    25
 Stab: Confused          |       |       |     6 |     9 |     8 ||    23
       Distracted        |       |       |       |       |     1 ||     1
  Eat: Chunk             |     1 |    10 |    27 |    33 |    23 ||    94
       Bread ration      |       |       |     1 |     3 |     2 ||     6
       Royal jelly       |       |       |       |       |     1 ||     1
Armor: Skin              |    33 |    80 |    60 |   132 |   132 ||   437
Dodge: Dodged            |    95 |   210 |   183 |   464 |   309 ||  1261
Block: Buckler           |       |       |     5 |    75 |       ||    80
       Shield            |       |       |       |     8 |   274 ||   282
